 Dungeon Crawl Stone Soup version 0.29.1-1-gd02db6906a (webtiles) character file.

Game seed: 10807044510541316946

2426 funkygono the Thaumaturge (level 9, -2/47 HPs)
             Began as a Deep Elf Fire Elementalist on Sept 17, 2022.
             Was a Believer of Vehumet.
             Killed from afar by Maggie (12 damage)
             ... with a bolt of fire
             ... on level 7 of the Dungeon.
             The game lasted 00:12:24 (7687 turns).

funkygono the Thaumaturge (DEFE)                    Turns: 7687, Time: 00:12:24

Health: -2/47      AC:  6    Str:  5    XL:     9   Next: 24%
Magic:  10/25      EV: 13    Int: 25    God:    Vehumet [**....]
Gold:   421        SH:  0    Dex: 15    Spells: 18/29 levels left

rFire   . . .      SeeInvis .   A - +1 short sword (speed)
rCold   . . .      Faith    .   (no shield)
rNeg    . . .      Spirit   .   a - +0 robe
rPois   .          Reflect  .   q - +0 helmet
rElec   .          Harm     .   c - +0 cloak
rCorr   .          Rampage  .   e - +1 pair of gloves
Will    .....                   (no boots)
Stlth   ++........              (no amulet)
HPRegen 0.15/turn               (no ring)
MPRegen 0.19/turn               (no ring)

@: no status effects
A: no striking features
a: Renounce Religion


You were on level 7 of the Dungeon.
You worshipped Vehumet.
Vehumet was pleased with you.
You visited 1 branch of the dungeon, and saw 7 of its levels.

You collected 421 gold pieces.

Inventory:

Hand Weapons
 d - a +1 dagger of draining
 h - a +1 flail of protection
 i - a +0 dagger of protection
 A - a +1 short sword of speed (weapon)
 C - the +0 long sword of the Crypt {vorpal, Will+ rCorr Int+2}
   (You found it on level 5 of the Dungeon)

   It inflicts extra damage upon your enemies.
   Int:       It affects your intelligence (+2).
   rCorr:     It protects you from acid and corrosion.
   Will:      It increases your willpower.
Missiles
 B - a throwing net
Armour
 a - a +0 robe (worn)
 c - a +0 cloak (worn)
 e - a +1 pair of gloves (worn)
 q - a +0 helmet (worn)
Magical Staves
 x - a staff of earth
Jewellery
 p - an amulet of guardian spirit
Wands
 r - a wand of paralysis (5)
 y - a wand of polymorph (10)
Scrolls
 w - a scroll of teleportation
Potions
 b - 3 potions of magic
 f - 2 potions of mutation
 g - a potion of berserk rage {unknown}
 j - 2 potions of lignification
 k - 2 potions of flight
 l - 2 potions of attraction
 m - 3 potions of resistance
 n - a potion of curing {unknown}
 o - 3 potions of brilliance
 s - a potion of might {unknown}
 t - a potion of haste {unknown}
 u - a potion of degeneration {unknown}
 v - 2 potions of cancellation


   Skills:
 + Level 1.0 Fighting
 + Level 2.2 Short Blades
 + Level 3.8 Dodging
 - Level 2.4 Stealth
 + Level 10.6 Spellcasting
 + Level 5.5 Conjurations
 + Level 8.7 Fire Magic


You had 18 spell levels left.
You knew the following spells:

 Your Spells              Type           Power      Damage    Failure   Level
a - Foxfire               Conj/Fire      100%       2x1d9     1%          1
b - Scorch                Fire           100%       2d10      1%          2
c - Conjure Flame         Conj/Fire      48%        6-21      1%          3
d - Flame Wave            Conj/Fire      48%        2d12      2%          4
e - Shock                 Conj/Air       100%       1d9       1%          1

Your spell library contained the following spells:

 Spells                   Type           Power      Damage    Failure   Level
 Freeze                   Ice            52%        1d7       4%          1
 Inner Flame              Hex/Fire       35%        N/A       2%          3
 Summon Small Mammal      Summ           52%        N/A       4%          1
 Ensorcelled Hibernation  Hex/Ice        26%        N/A       7%          2
 Passwall                 Tmut/Erth      10%        N/A       7%          2
 Call Canine Familiar     Summ           13%        N/A       14%         3
 Gell's Gravitas          Tloc           13%        N/A       14%         3
 Lesser Beckoning         Tloc           13%        N/A       14%         3
 Spider Form              Tmut/Pois      13%        N/A       14%         3
 Summon Guardian Golem    Hex/Summ       13%        N/A       14%         3
 Swiftness                Air            13%        N/A       14%         3
 Teleport Other           Tloc           13%        N/A       14%         3
 Anguish                  Hex/Necr       6%         N/A       43%         4


Dungeon Overview and Level Annotations

Branches:
Dungeon (7/15)             Temple (0/1) D:4

Altars:
Elyvilon
Hepliaklqana
Makhleb
Nemelex Xobeh
Ru
Vehumet
Xom

Portals:
Abyss: D:3

Annotations:
D:3 2 transporters, Glaciallarry's ghost, amateur TeAE
D:7 Maggie


Message History

Maggie is lightly wounded.
Casting: Foxfire (safe; 1% risk of failure)
Confirm with . or Enter, or press ? or * to list all spells.
You conjure some foxfire!
The foxfire hits Maggie but does no damage.
Maggie is lightly wounded.
A steam dragon comes into view.
The foxfire hits Maggie but does no damage.
Maggie is lightly wounded.
Casting: Foxfire (safe; 1% risk of failure)
Confirm with . or Enter, or press ? or * to list all spells.
You conjure some foxfire!
The foxfire hits Maggie but does no damage.
Maggie is lightly wounded.
The foxfire hits Maggie but does no damage.
Maggie is lightly wounded.
The foxfire hits Maggie.
Maggie is lightly wounded.
Casting: Foxfire (safe; 1% risk of failure)
Confirm with . or Enter, or press ? or * to list all spells.
You conjure some foxfire!
The foxfire hits Maggie.
Maggie is lightly wounded.
The steam dragon breathes steam at you. The ball of steam hits you!
The ball of steam hits your foxfire.
Your foxfire resists.
Casting: Foxfire (safe; 1% risk of failure)
Confirm with . or Enter, or press ? or * to list all spells.
You conjure some foxfire!
You are engulfed in a cloud of scalding steam.
* * * LOW HITPOINT WARNING * * *
The foxfire hits Maggie but does no damage.
Maggie is lightly wounded.
The foxfire hits Maggie.
Maggie is moderately wounded.
The foxfire hits Maggie.
Maggie is moderately wounded.
Maggie is engulfed in a cloud of scalding steam.
Maggie gestures at you while chanting. The bolt of fire hits you!
You die...

# .... # #... #
'.... # #...D #
#....§ #
#...@.###### #
#.§§§..#############
#.§@v...............
#..§v..#############
#...§..# #......#
#......# ########


You could see Maggie (ally target) and a steam dragon (catching breath).

Vanquished Creatures
  Sigmund (D:3)
  Menkaure (D:4)
  A water moccasin (D:6)
  Duvessa (D:5)
  An orc warrior (D:7)
  A sky beast (D:6)
  A centaur (D:6)
  A phantom (D:5)
  2 kobold brigands
  A necrophage (D:4)
  2 bullfrogs
  2 scorpions (D:6)
  4 wights (D:5)
  Dowan (D:5)
  A howler monkey (D:5)
  5 orc priests
  A gnoll bouda (D:4)
  4 hounds
  Terence (D:2)
  5 iguanas
  4 orc wizards (D:5)
  12 gnolls
  2 adders
  A shadow imp (D:5)
  3 ufetubi
  A worm (D:3)
  6 dart slugs
  26 orcs
  5 ball pythons
  5 bats
  8 endoplasms
  6 giant cockroaches
  9 goblins
  10 hobgoblins
  3 jackals (D:5)
  14 kobolds
  3 quokkas
  2 frilled lizards (D:1)
  3 rats (D:1)
160 creatures vanquished.

Vanquished Creatures (others)
  480 foxfires
  4 plants (D:3)
484 creatures vanquished.

Grand Total: 644 creatures vanquished

Notes
Turn   | Place    | Note
-------+----------+-------------------------------------------
     0 | D:1      | funkygono the Deep Elf Fire Elementalist began the quest
                  | for the Orb.
     0 | D:1      | Reached XP level 1. HP: 10/10 MP: 6/6
   187 | D:1      | Reached XP level 2. HP: 15/15 MP: 6/8
   211 | D:1      | Learned a level 2 spell: Scorch
   843 | D:1      | Reached XP level 3. HP: 19/19 MP: 7/10
   847 | D:1      | Learned a level 3 spell: Conjure Flame
  1320 | D:2      | Reached XP level 4. HP: 6/24 MP: 4/11
  1539 | D:2      | Learned a level 4 spell: Flame Wave
  1809 | D:2      | Noticed Terence
  1813 | D:2      | Killed Terence
  1814 | D:2      | Reached skill level 4 in Spellcasting
  1955 | D:2      | Found a faded altar of an unknown god.
  2740 | D:3      | Found a sacrificial altar of Ru.
  2744 | D:3      | Found a sparkling altar of Nemelex Xobeh.
  2806 | D:3      | Found a hazy altar of Hepliaklqana.
  2811 | D:3      | Found a radiant altar of Vehumet.
  2967 | D:3      | Found a transporter.
  2970 | D:3      | Found a one-way gate to the infinite horrors of the Abyss.
  2970 | D:3      | Noticed Glaciallarry's ghost (amateur TeAE)
  2983 | D:3      | Found a shimmering altar of Xom.
  3001 | D:3      | Noticed a kobold brigand
  3107 | D:3      | Reached XP level 5. HP: 28/28 MP: 12/14
  3183 | D:3      | Found a transporter.
  3251 | D:3      | Noticed Sigmund
  3255 | D:3      | Killed Sigmund
  3256 | D:3      | Reached skill level 5 in Spellcasting
  3256 | D:3      | Reached skill level 5 in Fire Magic
  3256 | D:3      | Reached XP level 6. HP: 29/32 MP: 8/16
  3529 | D:4      | Noticed Menkaure
  3632 | D:4      | Killed Menkaure
  3633 | D:4      | Reached skill level 6 in Spellcasting
  3866 | D:4      | Found a staircase to the Ecumenical Temple.
  4042 | D:4      | Reached XP level 7. HP: 32/36 MP: 8/18
  4049 | D:3      | Found a white marble altar of Elyvilon.
  4061 | D:3      | Became a worshipper of Vehumet
  4848 | D:5      | Entered Level 5 of the Dungeon
  4855 | D:5      | Reached skill level 7 in Spellcasting
  4878 | D:5      | Reached skill level 1 in Short Blades
  5031 | D:5      | Reached XP level 8. HP: 41/41 MP: 15/21
  5165 | D:5      | Noticed Dowan
  5169 | D:5      | Noticed Duvessa
  5179 | D:5      | Killed Duvessa
  5180 | D:5      | Reached skill level 8 in Spellcasting
  5181 | D:5      | Killed Dowan
  5181 | D:5      | Reached * piety under Vehumet
  5181 | D:5      | Offered knowledge of Shock by Vehumet.
  5659 | D:5      | Reached skill level 9 in Spellcasting
  6120 | D:5      | Identified the +0 long sword of the Crypt {vorpal, Will+
                  | rCorr Int+2}
  6297 | D:5      | Learned a level 1 spell: Shock
  6322 | D:6      | Offered knowledge of Freeze by Vehumet.
  6326 | D:6      | Reached ** piety under Vehumet
  6420 | D:6      | Reached skill level 5 in Conjurations
  6725 | D:6      | Found a burning altar of Makhleb.
  6746 | D:6      | Reached skill level 10 in Spellcasting
  6746 | D:6      | Reached XP level 9. HP: 31/46 MP: 18/25
  7108 | D:6      | Reached skill level 1 in Fighting
  7679 | D:7      | Noticed Maggie
  7687 | D:7      | Killed from afar by Maggie

Illustrated notes

Levels and vault maps discovered:
D:1:      eino_arrival_water_cross, layout_loops_cross, minmay_fountain_box,
          grunt_decor_mini_mirrors
D:2:      layout_loops_corners, dreamdust_ecumenical_altar_angels_and_demons,
          uniq_terence
D:3:      layout_loops_cross, xom_teletrap_fun, nicolae_overflow_hidden_temple,
          nicolae_hepliaklqana_hazy_memory, gammafunk_ghost_abyssal_escape,
          uniq_sigmund
D:4:      layout_basic, minmay_temple_entry_purple_smoke, minmay_misc_feat_chi,
          st_stairs_7, minmay_goblin_kobold_house, uniq_menkaure
D:5:      layout_basic, uniq_duvessa
D:6:      layout_rooms, lemuel_doored_altar, kennysheep_nub
D:7:      layout_basic, uniq_maggie

Skill      XL: |  1  2  3  4  5  6  7  8  9 |
---------------+----------------------------+-----
Fire Magic     | 4 5 6 8 |  8.7
Conjurations   | 2 3 4 5 |  5.5
Spellcasting   | 4 5 6 7 10 | 10.6
Dodging        | 3 |  3.8
Short Blades   | 1 2 |  2.2
Fighting       | 1 |  1.0
Stealth        | |  2.4

Action                   |  1- 3 |  4- 6 |  7- 9 || total
-------------------------+-------+-------+-------++-------
Melee: Unarmed           |     2 |       |       ||     2
       Dagger            |     1 |     8 |    38 ||    47
       Short sword       |       |       |    12 ||    12
 Cast: Foxfire           |    55 |    71 |   164 ||   290
       Scorch            |     3 |    18 |    39 ||    60
       Conjure Flame     |       |       |     2 ||     2
       Flame Wave        |       |       |     2 ||     2
  Use: Scroll            |       |     3 |    10 ||    13
Armor: Robe              |       |     1 |    22 ||    23
Dodge: Dodged            |     9 |    13 |    40 ||    62
